 Dungeon Crawl Stone Soup version 0.29-a0-284-gf9362112df (webtiles) character file.

Game seed: 12654993647838024040

79 AlmostDecent the Chopper (level 4, -10/28 HPs)
             Began as a Tengu Fighter on Mar 28, 2022.
             Was a Follower of Qazlal.
             Mangled by an orc warrior
             ... wielding a +0 dire flail
              (11 damage)
             ... on level 4 of the Dungeon.
             The game lasted 00:04:43 (2665 turns).

AlmostDecent the Chopper (Tengu Fighter)            Turns: 2665, Time: 00:04:44

Health: -10/28     AC:  8    Str: 18    XL:     4   Next: 38%
Magic:  5/5        EV:  9    Int:  8    God:    Qazlal [*.....]
Gold:   102        SH:  7    Dex: 14    Spells: 3/3 levels left

rFire   . . .      SeeInvis .   a - +0 war axe
rCold   . . .      Faith    .   c - +0 buckler
rNeg    . . .      Spirit   .   b - +0 scale mail
rPois   .          Reflect  .   (helmet restricted)
rElec   .          Harm     .   r - +0 cloak
rCorr   .          Rampage  .   (no gloves)
Will    .....                   (boots unavailable)
Stlth   ..........              (no amulet)
HPRegen 0.09/turn               (no ring)
MPRegen 0.09/turn               (no ring)

@: mighty
A: beak, talons 3
a: Renounce Religion


You were on level 4 of the Dungeon.
You worshipped Qazlal.
Qazlal was aware of your devotion.
You visited 1 branch of the dungeon, and saw 4 of its levels.

You collected 102 gold pieces.

Inventory:

Hand Weapons
 a - a +0 war axe (weapon)
 i - a +3 great mace
Armour
 b - a +0 scale mail (worn)
 c - a +0 buckler (worn)
 r - a +0 cloak (worn)
Jewellery
 m - a ring of magical power
Scrolls
 j - 6 scrolls of identify {unknown}
 k - 2 scrolls of teleportation {unknown}
 n - a scroll of fear {unknown}
 q - a scroll of vulnerability {unknown}
 u - a scroll of blinking {unknown}
Potions
 e - a potion of mutation {unknown}
 f - 4 potions of curing {unknown}
 g - a potion of invisibility {unknown}
 h - a potion of flight {unknown}
 l - a potion of degeneration {unknown}
 o - a potion of brilliance {unknown}
 p - a potion of resistance {unknown}
 s - 2 potions of attraction {unknown}
 t - a potion of heal wounds {unknown}


   Skills:
 + Level 3.5 Fighting
 * Level 3.8 Axes
 - Level 3.5 Armour
 - Level 3.3 Shields


You had 3 spell levels left.
You didn't know any spells.
Your spell library contained the following spells:

 Spells                   Type           Power      Damage    Failure   Level
 Animate Skeleton         Necr           0%         N/A       87%         1
 Pain                     Necr           0%         1d4       87%         1
 Frozen Ramparts          Ice            0%         1d2       99%         3
 Vampiric Draining        Necr           0%         2d6       99%         3
 Ice Form                 Ice/Tmut       0%         N/A       100%        4
 Summon Ice Beast         Ice/Summ       0%         N/A       100%        4


Dungeon Overview and Level Annotations

Branches:
Dungeon (4/15)
 Temple: D:4-7

Altars:
Dithmenos
Qazlal

Annotations:
D:3 3 runed translucent doors, AlmostDecent's ghost, amateur TeBe


Innate Abilities, Weirdness & Mutations

You have a beak for a mouth.
You have claws for feet.


Message History

You slash the orc!
You kill the orc!
Qazlal accepts your kill.
A jackal comes into view.
The jackal barks!
You feel very mighty all of a sudden.
An orc comes into view. It is wielding a +0 dagger.
The orc hits you but does no damage.
A jackal comes into view.
You closely miss the orc warrior.
The orc shouts!
The jackal barks!
You peck the orc warrior, but do no damage.
You slash the orc!
You kill the orc!
Qazlal accepts your kill.
A jackal comes into view.
The orc warrior closely misses you.
The orc wizard points at you and mumbles some strange words.
The magic dart hits you but does no damage.
You hit the orc warrior. Your kick misses the orc warrior.
You peck the orc warrior.
The orc warrior is moderately wounded.
The orc warrior hits you with a +0 dire flail!!
Ouch! That really hurt!
The orc wizard casts a spell at you. The puff of flame hits you!
* * * LOW HITPOINT WARNING * * *
You block the orc warrior's attack.
An orc comes into view. It is wielding a +0 club.
You are too injured to fight recklessly!
You are too injured to fight recklessly!
You are too injured to fight recklessly!
You closely miss the orc warrior.
The orc shouts!
Your kick misses the orc warrior.
The orc warrior is moderately wounded.
You slash the orc wizard!
You hear a shout!
The orc warrior hits you with a +0 dire flail!
You die...

#### #.##......######
.......##.#.............
........................
.......##.#.............
.................##.....
.................##.....
.................#......
#...h.○.$......#......
#>.ho@................
......o..........#......
...............###......
....o####.####.# #......
...h. .... ...##......
.h.. ..........##......
..o ..........##......
..# ...... .......
.......


You could see an orc warrior, an orc wizard, 2 orcs and 4 jackals.

Vanquished Creatures
  2 adders (D:2)
  A worm (D:2)
  3 dart slugs
  2 orcs (D:4)
  3 endoplasms
  4 giant cockroaches
  3 goblins
  4 hobgoblins
  7 kobolds
  A quokka (D:1)
  4 ball pythons
  5 bats
  4 frilled lizards (D:1)
  8 rats
51 creatures vanquished.

Notes
Turn   | Place    | Note
-------+----------+-------------------------------------------
     0 | D:1      | AlmostDecent the Tengu Fighter began the quest for the Orb.
     0 | D:1      | Reached XP level 1. HP: 14/14 MP: 2/2
   154 | D:1      | Reached XP level 2. HP: 18/19 MP: 3/3
   521 | D:1      | Reached XP level 3. HP: 21/23 MP: 4/4
   569 | D:1      | You fall into a shaft and drop 1 floor!
   775 | D:2      | Found a shadowy altar of Dithmenos.
  1009 | D:2      | Reached XP level 4. HP: 23/28 MP: 5/5
  1452 | D:1      | Found a faded altar of an unknown god.
  1470 | D:1      | Prayed at the altar of an unknown god.
  1470 | D:1      | Became a worshipper of Qazlal Stormbringer
  1470 | D:1      | Reached * piety under Qazlal
  2218 | D:3      | Found a runed translucent gate.
  2218 | D:3      | Found a runed translucent gate.
  2219 | D:3      | Found a runed translucent gate.
  2235 | D:3      | Noticed AlmostDecent's ghost (amateur TeBe)
  2657 | D:4      | Noticed an orc warrior
  2664 | D:4      | HP: 1/28 [orc wizard/puff of flame (9)]
  2665 | D:4      | Mangled by an orc warrior

Illustrated notes

Levels and vault maps discovered:
D:1:      dpeg_arrival_rooms_b, layout_rooms,
          shapermc_ecumenical_altar_notcrosses, hangedman_decor_opposing
D:2:      layout_basic, basic_altar, minmay_heptomino_d4
D:3:      layout_basic, gammafunk_ghost_necromancy
D:4:      layout_basic, temple_doors_e, corexii_hall_statues_x

Skill      XL: |  1  2  3 |
---------------+----------+-----
Axes           | 3 |  3.8
Fighting       | |  3.5
Armour         | |  3.5
Shields        | |  3.3

Action                   |  1- 3 |  4- 6 || total
-------------------------+-------+-------++-------
Melee: War axe           |    63 |    41 ||   104
       Kick              |     9 |     7 ||    16
       Peck              |     2 |     7 ||     9
  Use: Potion            |       |     1 ||     1
Armor: Scale mail        |    30 |    15 ||    45
Dodge: Dodged            |    28 |    16 ||    44
Block: Buckler           |    14 |    10 ||    24

Table legend: (Time is in decaauts)
 A = Elapsed time spent in this place.
 B = Non-inter-level travel time spent in this place.
 C = Inter-level travel time spent in this place.
 D = Time resting spent in this place.
 E = Time spent auto-exploring this place.
 F = Levels seen in this place.
 G = Mean time per level.
                   A        B        C        D        E       F      G
               +--------+--------+--------+--------+--------+-----+--------+
         Total |   2706 |   2490 |    216 |      0 |   2175 |   4 |  676.5 |
       Dungeon |   2706 |   2490 |    216 |      0 |   2175 |   4 |  676.5 |
               +--------+--------+--------+--------+--------+-----+--------+

Top non-repeatable levels by time:
     D:1: 1024 daAuts
     D:2: 971 daAuts
     D:3: 655 daAuts
     D:4: 54 daAuts
